 Dungeon Crawl Stone Soup version 0.27.1-16-g815e20cd7a (webtiles) character file.

Game seed: 2795616144689640529

3880 MisterFreud the Spear-Bearer (level 10, 0/79 HPs)
             Began as a Minotaur Abyssal Knight on Nov 23, 2021.
             Was an Elder of Lugonu.
             Slain by a killer bee (5 damage)
             ... on level 9 of the Dungeon.
             The game lasted 00:09:16 (10973 turns).

MisterFreud the Spear-Bearer (MiAK)                Turns: 10973, Time: 00:09:16

Health: 0/79       AC:  9    Str: 17    XL:     10   Next: 0%
Magic:  12/12      EV: 10    Int:  9    God:    Lugonu [****..]
Gold:   314        SH:  0    Dex: 11    Spells: 9/9 levels left

rFire    . . .     SeeInvis .   u - +3 trident (freeze)
rCold    . . .     Faith    .   (no shield)
rNeg     . . .     Spirit   .   j - +0 ring mail
rPois    .         Reflect  .   (helmet restricted)
rElec    .         Harm     .   n - +1 cloak
rCorr    .         Rampage  .   z - +0 pair of gloves
Will     .....                  (no boots)
Stlth    +.........             (no amulet)
HPRegen  0.23/turn              i - ring of flight
MPRegen  0.13/turn              (no ring)

@: flying
A: horns 2, retaliatory headbutt, talons 1, frail 1, weak 1
a: Renounce Religion, Depart the Abyss, Bend Space, Banish, Corrupt


You were on level 9 of the Dungeon.
You worshipped Lugonu.
Lugonu was greatly pleased with you.
You visited 1 branch of the dungeon, and saw 9 of its levels.
You visited the Abyss 1 time.

You collected 314 gold pieces.

Inventory:

Hand Weapons
 u - a +3 trident of freezing (weapon)
Missiles
 w - 59 poisoned darts (quivered)
 x - 5 boomerangs
 E - 2 javelins
 F - a throwing net
Armour
 b - a +0 leather armour
 j - a +0 ring mail (worn)
 n - a +1 cloak (worn)
 z - a +0 pair of gloves (worn)
Jewellery
 i - a ring of flight (left hand)
 l - a ring of fire
 m - a +6 ring of intelligence
 p - a ring of magical power
 q - a ring of magical power
Wands
 t - a wand of flame (40)
 y - a wand of paralysis (8)
 C - a wand of mindburst (12)
 G - a wand of digging (10)
Scrolls
 a - 2 scrolls of identify
 d - 3 scrolls of teleportation
 f - a scroll of magic mapping
 h - a scroll of noise {unknown}
 s - a scroll of amnesia
Potions
 c - 2 potions of attraction
 e - 2 potions of haste
 g - a potion of brilliance
 k - 2 potions of cancellation
 o - a potion of mutation
 r - 5 potions of curing
 v - a potion of heal wounds {unknown}
 B - a potion of degeneration {unknown}


   Skills:
 - Level 8.0 Fighting
 - Level 2.4 Long Blades
 + Level 13.3 Polearms
 - Level 5.0 Armour
 - Level 1.1 Dodging
 - Level 5.0 Invocations


You had 9 spell levels left.
You didn't know any spells.
Your spell library contained the following spells:

 Spells                   Type           Power      Damage    Failure   Level
 Animate Skeleton         Necr           0%         N/A       56%         1
 Magic Dart               Conj           0%         1d3       56%         1
 Pain                     Necr           0%         1d4       56%         1
 Call Imp                 Summ           0%         N/A       71%         2
 Corpse Rot               Necr/Air       N/A        N/A       71%         2
 Passwall                 Tmut/Erth      0%         N/A       71%         2
 Call Canine Familiar     Summ           0%         N/A       91%         3
 Mephitic Cloud           Conj/Pois/Air  0%         N/A       91%         3
 Portal Projectile        Hex/Tloc       0%         N/A       91%         3
 Summon Guardian Golem    Hex/Summ       0%         N/A       91%         3
 Vampiric Draining        Necr           0%         2d6       91%         3
 Dispel Undead            Necr           0%         3d6       100%        4
 Leda's Liquefaction      Hex/Erth       0%         N/A       100%        4
 Petrify                  Tmut/Erth      0%         N/A       100%        4
 Death Channel            Necr           0%         N/A       100%        6
 Lehudib's Crystal Spear  Conj/Erth      0%         10d2      100%        8


Dungeon Overview and Level Annotations

Branches:
Dungeon (9/15)             Temple (0/1) D:4
   Lair: D:8-11         Orc: D:9-12

Altars:
Dithmenos
Ru
Sif Muna
Uskayaw
Vehumet
Wu Jian

Shops:
D:2 *


Innate Abilities, Weirdness & Mutations

You have a pair of horns on your head.
You reflexively headbutt those who attack you in melee.
You have sharp toenails.
You are frail. (-10% HP)
You are weak. (Str -2)


Message History

You headbutt the killer bee! The killer bee stings you.
You are more poisoned.
The killer bee poisons you! The killer bee barely misses you.
You hit the killer bee. You freeze the killer bee.
Your headbutt misses the killer bee.
The killer bee is severely wounded.
You feel very sick.
The killer bee stings you but does no damage. x2
You miss the killer bee.
The killer bee is severely wounded.
You feel very sick. The killer bee stings you. x2
You closely miss the killer bee. Your headbutt misses the killer bee.
The killer bee is severely wounded.
You feel very sick. The killer bee stings you.
* * * LOW HITPOINT WARNING * * *
The killer bee stings you.
* * * LOW HITPOINT WARNING * * *
The killer bee stings you!
* * * LOW HITPOINT WARNING * * *
You completely miss the killer bee.
The killer bee is severely wounded.
* * * LOW HITPOINT WARNING * * *
You feel sick. The killer bee closely misses you.
The killer bee barely misses you. The killer bee stings you.
* * * LOW HITPOINT WARNING * * *
Unknown command.
It was a potion of curing.
You feel better. The killer bee barely misses you.
The killer bee stings you but does no damage.
The killer bee stings you.
* * * LOW HITPOINT WARNING * * *
The killer bee stings you.
* * * LOW HITPOINT WARNING * * *
Unknown command.
Unknown command.
It was a potion of mutation.
You feel extremely strange.
Your toenails lengthen and sharpen.
You feel frail.
You feel weaker. The killer bee stings you.
You die...

...............#..#..####
......#.............###..
..........>.#.#.....##...
.............#.#.........
.#.......###.............
#.........##............
...####............#..#.
##y..#...........#.
##.@........##......
#.y##...##.###...###
#....##..###.###...# #
#....##..# #.##....# #
#....##..###...<...# #
..........#.......#.# #
###...####...##.......#.
##.# ##.####........ #.
##.## #...##...


You could see 2 killer bees.

Vanquished Creatures
  A wyvern (D:7)
  2 steam dragons
  4 water moccasins
  3 black bears
  An ice beast (D:5)
  An orc warrior (D:8)
  3 necrophages
  An ogre (D:4)
  4 centaurs
  2 phantoms (D:5)
  A kobold brigand (D:6)
  Blork the orc (D:4)
  3 bullfrogs
  4 scorpions
  A water moccasin zombie (D:5)
  2 killer bees (D:9)
  9 wights (D:6)
  A bullfrog zombie (D:5)
  4 hounds
  Crazy Yiuf (D:5)
  4 orc priests
  3 orc wizards
  An iguana (D:3)
  2 killer bee zombies
  A hound skeleton (D:4)
  A howler monkey skeleton (D:7)
  8 adders
  7 gnolls
  A shadow imp (D:7)
  An adder skeleton (D:4)
  2 worms (D:2)
  2 dart slugs
  21 orcs
  7 bats
  7 endoplasms
  6 giant cockroaches
  8 goblins
  3 hobgoblins
  3 quokkas
  10 ball pythons
  3 frilled lizards
  15 kobolds
  2 rats (D:1)
167 creatures vanquished.

Vanquished Creatures (others)
  An orc (D:4)
1 creature vanquished.

Grand Total: 168 creatures vanquished

Notes
Turn   | Place    | Note
-------+----------+-------------------------------------------
     0 | Abyss:1  | MisterFreud the Minotaur Abyssal Knight began the quest for
                  | the Orb.
     0 | Abyss:1  | Reached XP level 1. HP: 19/19 MP: 1/1
     8 | D:1      | Escaped the Abyss
   172 | D:1      | Reached XP level 2. HP: 24/28 MP: 2/2
   726 | D:1      | Reached skill level 5 in Fighting
   872 | D:1      | Reached ** piety under Lugonu
   931 | D:1      | Reached XP level 3. HP: 27/36 MP: 3/3
  1005 | D:1      | Got Didghuch's Catalogue of the Dusty Escort
  1414 | D:2      | Found Tisohexuwy's Assorted Antiques.
  1789 | D:2      | Found a faded altar of an unknown god.
  2036 | D:3      | Reached XP level 4. HP: 44/44 MP: 4/4
  2275 | D:3      | Noticed an ogre
  2341 | D:4      | Noticed a scorpion
  2352 | D:4      | Killed a scorpion
  2353 | D:4      | Reached XP level 5. HP: 51/52 MP: 5/5
  2372 | D:4      | Noticed an ogre
  2396 | D:4      | Killed an ogre
  2632 | D:4      | Noticed a black bear
  2636 | D:4      | Reached XP level 6. HP: 59/61 MP: 6/6
  2646 | D:4      | HP: 3/61 [black bear (5)]
  2646 | D:4      | Reached *** piety under Lugonu
  3146 | D:4      | Found a staircase to the Ecumenical Temple.
  3147 | D:4      | Noticed Blork the orc
  3157 | D:4      | Killed Blork the orc
  3158 | D:4      | Reached skill level 5 in Armour
  3515 | D:4      | Reached XP level 7. HP: 64/68 MP: 6/8
  3518 | D:4      | Reached skill level 2 in Polearms
  3660 | D:4      | Found an ornate altar of the Wu Jian Council.
  4130 | D:3      | Reached skill level 3 in Polearms
  4291 | D:3      | Found a sacrificial altar of Ru.
  4547 | D:5      | Entered Level 5 of the Dungeon
  4614 | D:5      | Reached skill level 4 in Polearms
  4884 | D:5      | Reached XP level 8. HP: 74/74 MP: 10/10
  5137 | D:5      | Reached skill level 5 in Polearms
  5137 | D:5      | Reached skill level 5 in Invocations
  5503 | D:5      | Reached skill level 6 in Polearms
  5658 | D:5      | Reached **** piety under Lugonu
  5850 | D:5      | Reached skill level 7 in Polearms
  5984 | D:5      | Found a runed translucent door.
  5985 | D:5      | Noticed Crazy Yiuf
  6289 | D:5      | Killed Crazy Yiuf
  6454 | D:6      | Found a shadowy altar of Dithmenos.
  6465 | D:6      | Reached skill level 8 in Polearms
  6669 | D:6      | You are sucked into a shaft and drop 1 floor!
  7157 | D:7      | Reached skill level 9 in Polearms
  7231 | D:7      | Reached XP level 9. HP: 81/81 MP: 11/11
  7402 | D:6      | Reached skill level 10 in Polearms
  7834 | D:6      | Reached skill level 11 in Polearms
  8941 | D:8      | Found a radiant altar of Vehumet.
  9156 | D:8      | Found a shimmering blue altar of Sif Muna.
  9449 | D:8      | Reached skill level 12 in Polearms
 10396 | D:9      | Reached skill level 13 in Polearms
 10596 | D:8      | Found a hide-covered altar of Uskayaw.
 10965 | D:9      | Reached XP level 10. HP: 56/88 MP: 12/12
 10971 | D:9      | HP: 3/88 [killer bee (6)]
 10973 | D:9      | Gained mutation: You have sharp toenails. [potion of
                  | mutation]
 10973 | D:9      | Gained mutation: You are frail. (-10% HP) [potion of
                  | mutation]
 10973 | D:9      | Gained mutation: You are weak. (Str -2) [potion of
                  | mutation]
 10973 | D:9      | Slain by a killer bee

Illustrated notes

Levels and vault maps discovered:
D:1:      lightli_arrival_quake, layout_basic
D:2:      layout_basic, serial_shops, shop, shapermc_ecumenical_altar_pompeii
D:3:      layout_rooms, nicolae_ru_great_annihilating_truth
D:4:      minmay_recursive_quarters, layout_basic,
          mainiacjoe_overflow_surrounded_room, minmay_temple_entry_grid,
          kennysheep_generic_room_11, uniq_blork_the_orc
D:5:      layout_layer_cave, minmay_misc_feat_rugged, uniq_crazy_yiuf_cottage
D:6:      black_bear_nest_1, layout_cave_pods,
          mainiacjoe_overflow_concentric_impassable
D:7:      layout_basic
D:8:      layout_basic, grunt_temple_overflow_open, nicolae_uskayaw_dance_hall
D:9:      layout_layer_cave, minitemple

Skill      XL: |  1  2  3  4  5  6  7  8  9 |
---------------+----------------------------+-----
Fighting       | 4 5 7 8 |  8.0
Armour         | 5 |  5.0
Invocations    | 2 4 5 |  5.0
Polearms       | 4 9 13 | 13.3
Long Blades    | |  2.4
Dodging        | |  1.1

Action                   |  1- 3 |  4- 6 |  7- 9 | 10-12 || total
-------------------------+-------+-------+-------+-------++-------
Melee: Falchion          |    80 |    76 |       |       ||   156
       Headbutt          |    10 |    24 |    44 |       ||    78
       Trident           |       |    18 |   340 |     7 ||   365
  Use: Potion            |       |     1 |       |     2 ||     3
       Scroll            |       |       |    11 |       ||    11
 Stab: Paralysed         |       |       |     2 |       ||     2
       Invisible         |       |       |     1 |       ||     1
Armor: Leather armour    |    12 |       |       |       ||    12
       Ring mail         |     7 |    36 |    85 |     3 ||   131
Dodge: Dodged            |    52 |    70 |   122 |     7 ||   251
       Rpst.: Falchion   |    10 |    14 |       |       ||    24
